 Dungeon Crawl Stone Soup version 0.28-a0-691-gad6df49e81 (webtiles) character file.

Game seed: 5662942087039141706

358217 marklar909 the Peltast (level 21, -9/184 HPs)
             Began as a Palentonga Fighter on Oct 21, 2021.
             Was the Champion of Nemelex Xobeh.
             Succumbed to a putrid mouth's dark miasma
             ... on level 1 of the Depths on Oct 22, 2021.
             The game lasted 02:58:58 (65225 turns).

marklar909 the Peltast (Palentonga Fighter)        Turns: 65225, Time: 02:58:59

Health: -9/184     AC: 46    Str: 26    XL:     21   Next: 43%
Magic:  30/30      EV:  1    Int: 14    God:    Nemelex Xobeh [******]
Gold:   1571       SH: 34    Dex: 20    Spells: 14/21 levels left

rFire   + . .      SeeInvis +   a - +5 long sword "Fuev" {vorpal, rElec rPois Int+2 Dex-2}
rCold   + . .      Faith    .   v - +18 shield of the Gong {rElec rN+ Will+ EV-5}
rNeg    + + +      Spirit   .   g - +8 crystal plate armour "Moocel" {Dex+3}
rPois   +          Reflect  .   F - +2 helmet
rElec   +          Harm     .   R - +2 cloak {rF+}
rCorr   .          Rampage  .   z - +0 pair of fencer's gloves {Riposte Dex+3}
Will    +++..      Rage     1%  l - +4 barding {rC+}
Stlth   ..........              V - amulet of Tepulo {rN+++ Regen+ MP-9 Slay+6 Stlth-}
HPRegen 1.40/turn               f - +6 ring of strength
MPRegen 0.22/turn               N - ring "Guvvyuff" {Will+ MP+9}

@: lethally poisoned (-9 -> -47), slowed, studying Maces & Flails, very slow
A: large, rugged brown scales 3, see invisible, deformed body, roll 1, armoured
tail, reflexive curl, berserk 1, sense surroundings 1
}: 2/15 runes: decaying, serpentine
a: Rolling Charge, Renounce Religion, Draw Escape, Draw Destruction, Draw
Summoning, Triple Draw, Deal Four, Stack Five


You were on level 1 of the Depths.
You worshipped Nemelex Xobeh.
Nemelex Xobeh was exalted by your worship.
You visited 8 branches of the dungeon, and saw 39 of its levels.
You also visited: Volcano.

You collected 5113 gold pieces.
You spent 3542 gold pieces at shops.

Inventory:

Hand Weapons
 a - the +5 long sword "Fuev" (weapon) {vorpal, rElec rPois Int+2 Dex-2}
   (You found it on level 7 of the Dungeon)

   It inflicts extra damage upon your enemies.
   Int:       It affects your intelligence (+2).
   Dex:       It affects your dexterity (-2).
   rElec:     It insulates you from electricity.
   rPois:     It protects you from poison.
 E - a +4 demon blade of flaming
Missiles
 c - 2 throwing nets
 h - 33 poisoned darts (quivered)
 P - 13 javelins
Armour
 g - the +8 crystal plate armour "Moocel" (worn) {Dex+3}
   (You found it on level 3 of the Elven Halls)

   Dex:       It affects your dexterity (+3).
 l - a +4 barding of cold resistance (worn)
 v - the +18 shield of the Gong (worn) {rElec rN+ Will+ EV-5}
   (You found it on level 6 of the Lair of Beasts)

   It is deafeningly noisy when blocking attacks.
   EV:        It affects your evasion (-5).
   rElec:     It insulates you from electricity.
   rN:        It protects you from negative energy.
   Will:      It increases your willpower.
 z - the +0 pair of fencer's gloves (worn) {Riposte Dex+3}
   (You found it in a volcano)

   It allows the wearer to riposte with melee weapons, swiftly retaliating
   against missed attacks.
   Dex:       It affects your dexterity (+3).
 F - a +2 helmet (worn)
 R - a +2 cloak of fire resistance (worn)
Jewellery
 f - a +6 ring of strength (left hand)
 m - the ring "Zekojoc" {AC+4 Int+7}
   (You found it on level 1 of the Depths)

   [ring of protection]

   AC:        It affects your AC (+4).
   Int:       It affects your intelligence (+7).
 n - the ring "Pann" {Fire Dex+2}
   (You found it on level 1 of the Depths)

   [ring of fire]

   It enhances your fire magic.
   Dex:       It affects your dexterity (+2).
   rF:        It protects you from fire.
   rC:        It makes you vulnerable to cold.
 y - an amulet of reflection
 N - the ring "Guvvyuff" (right hand) {Will+ MP+9}
   (You took it off a spriggan defender on level 1 of the Depths)

   [ring of magical power]

   MP:        It affects your magic capacity (+9).
   Will:      It increases your willpower.
 V - the amulet of Tepulo (around neck) {rN+++ Regen+ MP-9 Slay+6 Stlth-}
   (You took it off a tengu reaver on level 1 of the Depths)

   [amulet of regeneration]

   Slay:      It affects your accuracy & damage with ranged weapons and melee
   (+6).
   rN:        It renders you almost immune to negative energy.
   MP:        It affects your magic capacity (-9).
   Regen:     It increases your rate of health regeneration.
   Stlth:     It makes you less stealthy.
Wands
 k - a wand of paralysis (13)
 o - a wand of iceblast (7)
 U - a wand of acid (34)
 W - a wand of mindburst (29)
 Y - a wand of digging (2)
Scrolls
 e - 4 scrolls of fear
 p - 4 scrolls of immolation
 w - 8 scrolls of amnesia
 A - 6 scrolls of magic mapping
 B - 5 scrolls of blinking
 D - 7 scrolls of fog
 G - 9 scrolls of teleportation
 K - 26 scrolls of identify
Potions
 d - 4 potions of might
 i - 4 potions of resistance
 j - 19 potions of curing
 r - 4 potions of mutation
 t - 10 potions of attraction
 u - 6 potions of flight
 C - 6 potions of haste
 H - 6 potions of brilliance
 I - 9 potions of lignification
 J - 2 potions of berserk rage
 Q - a potion of cancellation
 T - 5 potions of heal wounds
Miscellaneous
 b - a phantom mirror
 x - a piece from Xom's chessboard (15/15)
 L - a condenser vane
 M - a lightning rod (4/4)
 X - a box of beasts
 Z - a tin of tremorstones (2/2)


   Skills:
 * Level 16.4 Fighting
 + Level 1.1(9.9) Short Blades
 + Level 15.1 Long Blades
 + Level 11.0 Axes
 + Level 3.0 Throwing
 * Level 14.1 Armour
 + Level 9.6 Dodging
 + Level 18.7 Shields
 + Level 0.7 Spellcasting
 + Level 0.1 Transmutations
 + Level 13.3 Invocations
 + Level 4.5 Evocations


You had 14 spell levels left.
You knew the following spells:

 Your Spells              Type           Power      Damage    Failure   Level
a - Wereblood             Tmut           0%         N/A       100%        2
b - Blink                 Tloc           N/A        N/A       100%        2
c - Vampiric Draining     Necr           0%         2d6       100%        3

Your spell library contained the following spells:

 Spells                   Type           Power      Damage    Failure   Level
 Animate Skeleton         Necr           0%         N/A       100%        1
 Apportation              Tloc           0%         N/A       100%        1
 Beastly Appendage        Tmut           0%         N/A       100%        1
 Foxfire                  Conj/Fire      0%         2x1d4     100%        1
 Shock                    Conj/Air       0%         1d3       100%        1
 Summon Small Mammal      Summ           0%         N/A       100%        1
 Corpse Rot               Necr/Air       0%         N/A       100%        2
 Ensorcelled Hibernation  Hex/Ice        0%         N/A       100%        2
 Scorch                   Fire           0%         2d5       100%        2
 Slow                     Hex            0%         N/A       100%        2
 Static Discharge         Conj/Air       0%         N/A       100%        2
 Sublimation of Blood     Necr           0%         N/A       100%        2
 Call Canine Familiar     Summ           0%         N/A       100%        3
 Confusing Touch          Hex            0%         N/A       100%        3
 Conjure Flame            Conj/Fire      0%         6-21      100%        3
 Gell's Gravitas          Tloc           0%         N/A       100%        3
 Ignite Poison            Fire/Tmut/Pois 0%         N/A       100%        3
 Inner Flame              Hex/Fire       0%         N/A       100%        3
 Mephitic Cloud           Conj/Pois/Air  0%         N/A       100%        3
 Ozocubu's Armour         Ice            0%         N/A       100%        3
 Portal Projectile        Hex/Tloc       0%         N/A       100%        3
 Spider Form              Tmut/Pois      0%         N/A       100%        3
 Teleport Other           Tloc           0%         N/A       100%        3
 Airstrike                Air            0%         N/A       100%        4
 Animate Dead             Necr           0%         N/A       100%        4
 Cause Fear               Hex            0%         N/A       100%        4
 Dispel Undead            Necr           0%         3d6       100%        4
 Flame Wave               Conj/Fire      0%         3d3       100%        4
 Leda's Liquefaction      Hex/Erth       0%         N/A       100%        4
 Petrify                  Tmut/Erth      0%         N/A       100%        4
 Summon Lightning Spire   Summ/Air       0%         N/A       100%        4
 Agony                    Necr           0%         N/A       100%        5
 Fireball                 Conj/Fire      0%         3d3       100%        5
 Freezing Cloud           Conj/Ice/Air   0%         6-21      100%        5
 Lee's Rapid Deconstruct  Erth           0%         3d5*      100%        5
 Lightning Bolt           Conj/Air       0%         1d11      100%        5
 Manifold Assault         Tloc           0%         N/A       100%        5
 Metabolic Englaciation   Hex/Ice        0%         N/A       100%        5
 Summon Forest            Summ/Tloc      0%         N/A       100%        5
 Conjure Ball Lightning   Conj/Air       0%         3x3d6     100%        6
 Death Channel            Necr           0%         N/A       100%        6
 Dispersal                Tloc           0%         N/A       100%        6
 Eringya's Noxious Bog    Tmut/Pois      0%         N/A       100%        6
 Simulacrum               Ice/Necr       0%         N/A       100%        6
 Starburst                Conj/Fire      0%         6d3       100%        6
 Statue Form              Tmut/Erth      0%         N/A       100%        6
 Summon Cactus Giant      Summ           0%         N/A       100%        6
 Haunt                    Necr/Summ      0%         N/A       100%        7
 Ozocubu's Refrigeration  Ice            0%         4d5       100%        7
 Storm Form               Tmut/Air       0%         N/A       100%        7
 Summon Hydra             Summ           0%         N/A       100%        7
 Discord                  Hex            0%         N/A       100%        8
 Disjunction              Tloc           0%         N/A       100%        8
 Ignition                 Fire           0%         3d3       100%        8
 Infestation              Necr           0%         N/A       100%        8
 Maxwell's Capacitive Co  Air            0%         ∞         100%        8
 Chain Lightning          Conj/Air       0%         N/A       100%        9
 Fire Storm               Conj/Fire      0%         5d1       100%        9
 Shatter                  Erth           0%         3d5*      100%        9


Dungeon Overview and Level Annotations

Branches:
Dungeon (15/15)            Temple (0/1) D:5            Lair (6/6) D:11
  Swamp (4/4) Lair:4        Snake (4/4) Lair:2        Slime (0/5) Lair:6
    Orc (2/2) D:9             Elf (3/3) Orc:2        Vaults (4/5) D:13
  Crypt (0/3) Vaults:2     Depths (1/4) D:15        Volcano (visited)

Altars:
Dithmenos
Fedhas
Hepliaklqana
Kikubaaqudgha
Nemelex Xobeh
Okawaru
Qazlal
Ru
Sif Muna
Uskayaw
Vehumet
Xom
Beogh

Shops:
D:7 !   D:12 ((**   D:15 [   Orc:2 ([[!=[   Elf:1 ([   Vaults:3 *

Portals:
Hell: Depths:1
Abyss: Lair:6
Pandemonium: Depths:1

Annotations:
D:4 2 transporters, Figureslego113's ghost, amateur DjCj
D:5 2 runed translucent doors
Lair:6 2 transporters, BigDaddyOpFi's ghost, journeyman MiBe
Snake:2 3 runed translucent doors, Waleff's ghost, adept DrBe
Snake:4 1 exclusion
Elf:2 3 runed translucent doors
Abyss:1 Harold


Innate Abilities, Weirdness & Mutations

You are completely covered in rugged brown scales. (AC +3, +7% HP)
You have supernaturally acute eyesight. (SInv)
Armour fits poorly on your strangely shaped body.
You can roll at nearby foes to attack.
You have a long armoured tail.
You curl defensively after being hit.
You tend to lose your temper in combat.
You passively map a small area around you.


Message History

You are engulfed in dark miasma.
You are more poisoned.
You feel as though you will be slow longer.
You feel very sick. You block the bone dragon's attack.
BOUMMMMG!
The bone dragon claws you but does no damage.
The bone dragon tramples you but does no damage.
The reaper hits you from afar with a +4 scythe of venom.
* * * LOW HITPOINT WARNING * * *
You are more poisoned.
You slash the bone dragon!
You destroy the bone dragon!
You feel extremely sick.
The reaper whispers, "Time's up, marklar909!"
You block the reaper's attack.
GONNNNG!
You slash the putrid mouth!
Your tail-slap misses the putrid mouth.
The putrid mouth is moderately damaged.
You feel very sick. The putrid mouth throws miasma at you.
The foul vapour engulfs the putrid mouth.
The putrid mouth completely resists.
The reaper whispers, "Time's up, marklar909!"
The reaper hits you from afar with a +4 scythe of venom!!
* * * LOW HITPOINT WARNING * * *
You are lethally poisoned!
The putrid mouth throws miasma at you.
The foul vapour engulfs you but does no damage.
You feel much better.
You are engulfed in dark miasma.
You are lethally poisoned!
* * * LOW HITPOINT WARNING * * *
x2 You feel extremely sick.
You block the reaper's attack.
BONNNG!
Blink to where?
Press: ? - help, Dir - move target
As you read the scroll of blinking, it crumbles to dust.
You die...
Your body glows with a rainbow of weird colours and disappears.

+...'...##.###2°..#####...#♣...♣
###'#....###°°W°......##..#♣§..♣♣
....#.....##W##........'..#♣♣..♣♣
###'###.#'#°°°##....#'##..#♣...♣♣
#...#.###......##..##..#..#♣.†.♣♣
.∩..'..#........#.##...#..#♣).♣♣♣
..[.#..#.......####....####♣...♣♣
....#..'.......'..##....# ♣....♣
....#..#..###+##@..#....# ♣♣....
###'#.<####.#.#....'....####♣♣...
#...##.'....'.#....#..###..##♣♣♣♣
#....#+##(..#.'...>#..# #...### ♣
#...##..#...#.#'####..####....#
#..##...'..##.#....#'##..#....#
...'....##.#..+....'..##'##)..#
#..#.....######.####..'...#'###
##.#....## ####.....###.....#


You could see a putrid mouth.

Vanquished Creatures
  Vashnia (Snake:3)
  the Lernaean hydra (Swamp:4)
  A bone dragon (Depths:1)
  2 hellephants (Depths:1)
  A doom hound (Depths:1)
  A deep elf blademaster (Depths:1)
  Asterion (Elf:1)
  2 deep elf master archers
  A titan (Vaults:3)
  6 sphinxes
  5 tengu reavers
  A thorn hunter (Swamp:4)
  A storm dragon (Depths:1)
  An ancient champion (Vaults:2)
  Agnes (Snake:2)
  3 nagarajas (Snake:4)
  2 fenstrider witches (Swamp:3)
  4 deep elf sorcerers
  2 frost giants
  5 vault wardens
  2 iron dragons (Vaults:4)
  The ghost of Maimakterion the Eclecticist, a journeyman DEEE of the Shining One (Orc:1)
  2 orc warlords
  A curse skull (Vaults:2)
  6 deep elf elementalists
  9 ironbound preservers
  8 very ugly things
  3 stone giants (Depths:1)
  A spriggan defender (Depths:1)
  A vampire knight (Depths:1)
  4 bunyips
  6 dire elephants
  4 deep elf annihilators (Elf:3)
  7 spark wasps
  An entropy weaver (Vaults:2)
  2 eleionomae
  A crystal guardian (Vaults:4)
  A merfolk javelineer (Orc:2)
  8 ettins
  3 fire dragons
  2 deep elf death magi
  A shambling mangrove (Swamp:1)
  Josephine (Swamp:1)
  A merfolk impaler (Orc:2)
  5 deep elf high priests
  11 vault guards
  5 great orbs of eyes
  7 naga warriors
  5 boulder beetles
  9 yaktaur captains
  An ice dragon (Vaults:4)
  3 ironbound thunderhulks
  3 rakshasas
  5 salamander tyrants
  2 peacekeepers (Vaults:4)
  5 ironbound frosthearts
  2 death knights (D:14)
  6 anacondas
  A catoblepas (D:13)
  22 hydras
  8 centaur warriors
  3 ghost crabs
  11 two-headed ogres
  4 death yaks
  8 dancing weapons
  2 spriggan air magi
  10 alligators
  A deep troll earth mage (Depths:1)
  2 orc high priests
  A deep troll shaman (Depths:1)
  2 tengu warriors
  6 shock serpents
  17 naga sharpshooters
  6 hell knights (Depths:1)
  2 skeletal warriors
  14 deep elf knights
  3 salamander mystics
  25 deep trolls
  A flayed ghost (Depths:1)
  2 death drakes
  2 glowing orange brains (Depths:1)
  A spriggan druid (Swamp:3)
  7 goliath frogs
  11 swamp dragons
  3 naga ritualists
  6 bog bodies
  3 necromancers
  10 harpies
  2 harpies (shapeshifter)
  5 wizards
  6 lindwurms
  13 orc knights
  27 ugly things
  19 deep elf zephyrmancers
  13 deep elf archers
  19 deep elf pyromancers
  13 ironbound convokers
  A shining eye (shapeshifter) (Elf:3)
  5 phantasmal warriors
  12 orc sorcerers
  A wolf spider (D:9)
  A shining eye (Snake:4)
  A stone giant zombie (Vaults:4)
  7 mana vipers
  2 oklob plants (Lair:4)
  5 cyclopes
  11 salamanders
  5 will-o-the-wisps
  A cyclops (shapeshifter) (D:9)
  3 elephants
  A frost giant skeleton (Vaults:3)
  2 human skeletons (Vaults:3)
  18 vault sentinels
  4 guardian serpents
  A torpor snail (Lair:6)
  22 black mambas
  11 cane toads
  A gargoyle (D:11)
  An elephant (shapeshifter) (Elf:1)
  11 naga magi
  A storm dragon simulacrum (D:15)
  A molten gargoyle (D:12)
  19 yaktaurs
  2 unseen horrors
  Psyche (D:11)
  13 komodo dragons
  2 tengu conjurers
  10 tyrant leeches
  A bloated husk (Swamp:3)
  7 trolls
  9 polar bears
  A jumping spider (shapeshifter) (Depths:1)
  42 slime creatures
  10 blink frogs
  A dream sheep (Lair:6)
  13 hornets
  A raiju (Lair:6)
  2 shadows
  11 spriggans
  8 wraiths
  3 air elementals
  A tarantella (Vaults:2)
  8 wyverns
  3 basilisks
  A vampire (D:11)
  3 fire bats (Volcano)
  37 yaks
  A fire elemental (Elf:2)
  5 steam dragons
  5 water elementals
  12 swamp worms
  9 vampire mosquitoes
  51 nagas
  11 wargs
  21 water moccasins
  6 hell hounds (Lair:6)
  A floating eye (Depths:1)
  A sky beast (D:8)
  14 orc warriors
  8 swamp drakes (Swamp:4)
  A black bear (shapeshifter) (Elf:2)
  12 black bears
  11 ogres
  7 boggarts
  A centaur (D:8)
  A phantom (D:9)
  28 wolves
  An elf simulacrum (Vaults:3)
  A human zombie (Vaults:4)
  3 gnoll sergeants
  6 earth elementals
  A scorpion (D:6)
  13 bullfrogs
  A hornet simulacrum (D:14)
  7 killer bees
  2 troll zombies (D:9)
  3 vampire bats (Orc:1)
  2 centaur zombies (D:8)
  4 electric eels (D:12)
  8 howler monkeys
  2 lava snakes (D:12)
  5 hounds
  A bullfrog zombie (D:5)
  14 orc priests
  3 jellies
  3 iguanas
  39 orc wizards
  13 hell rats
  A killer bee zombie (D:8)
  3 ogre zombies (D:9)
  A hound zombie (D:5)
  Robin (D:4)
  14 gnolls
  6 adders
  A shadow imp (D:7)
  2 white imps
  2 dart slugs
  A worm (D:3)
  91 orcs
  A bat zombie (D:3)
  9 endoplasms
  3 giant cockroaches
  8 goblins
  16 hobgoblins
  8 jackals
  5 quokkas
  7 ball pythons
  14 bats
  4 frilled lizards
  A hobgoblin skeleton (D:9)
  A hobgoblin zombie (D:9)
  6 kobolds
  An orc skeleton (D:9)
  16 orc zombies (D:9)
  6 rats
  A rat zombie (D:3)
  4 briar patches (Swamp:4)
1408 creatures vanquished.

Vanquished Creatures (collateral kills)
  A deep elf blademaster (Elf:3)
  Donald (Snake:3)
  An orc warlord (Vaults:4)
  2 deep elf elementalists (Elf:3)
  2 vault wardens
  Aizul (Snake:2)
  An ironbound preserver (Vaults:2)
  2 deep elf annihilators (Elf:3)
  A deep elf demonologist (Elf:3)
  A dire elephant (Vaults:3)
  A deep elf death mage (Elf:3)
  A deep elf high priest (Elf:2)
  An ironbound thunderhulk (Vaults:4)
  A vault guard (Vaults:3)
  3 naga warriors
  2 centaur warriors
  An anaconda (Snake:3)
  A tengu warrior (Orc:2)
  Nergalle (D:12)
  3 deep elf archers (Elf:3)
  A swamp dragon (Elf:1)
  3 orc knights
  2 wizards (Vaults:4)
  An ironbound convoker (Vaults:4)
  A deep elf pyromancer (Elf:1)
  A necromancer (Vaults:4)
  A lindwurm (Vaults:4)
  A deep elf zephyrmancer (Elf:3)
  A faun (Vaults:4)
  3 salamanders
  3 ugly things (Vaults:4)
  2 elephants (Lair:6)
  A moth of wrath (Vaults:4)
  A black mamba (Snake:3)
  2 naga magi
  A polar bear (Lair:6)
  2 slime creatures (D:14)
  A raiju (Lair:6)
  2 yaks (Lair:6)
  A warg (Lair:6)
  3 water moccasins
  2 nagas (Snake:4)
  7 hell hounds (Lair:6)
  An orc warrior (Orc:1)
  2 black bears (Lair:6)
  An ogre (Volcano)
  5 wolves (Lair:6)
  A glowing shapeshifter simulacrum (Vaults:4)
  A howler monkey (D:9)
  An orc priest (D:9)
  2 gnolls (Orc:2)
  A river rat (Vaults:2)
  5 orcs
91 creatures vanquished.

Vanquished Creatures (others)
  2 nagarajas (Snake:4)
  A fenstrider witch (Swamp:4)
  An alligator (Swamp:4)
  A deep elf knight (Elf:2)
  A deep elf zephyrmancer (Elf:2)
  A slime creature (D:11)
  A shadow (D:11)
  2 spriggans (Swamp:3)
  2 wyverns
  4 nagas
  An orc wizard (Orc:2)
  2 orcs
  17 foxfires
  55 fungi
  172 plants
263 creatures vanquished.

Grand Total: 1762 creatures vanquished

Notes
Turn   | Place    | Note
-------+----------+-------------------------------------------
     0 | D:1      | marklar909 the Palentonga Fighter began the quest for the
                  | Orb.
     0 | D:1      | Reached XP level 1. HP: 19/19 MP: 1/1
   281 | D:1      | Reached XP level 2. HP: 25/25 MP: 2/2
   761 | D:2      | Reached XP level 3. HP: 30/31 MP: 3/3
  1627 | D:2      | Learned a level 2 spell: Scorch
  2045 | D:2      | Found a faded altar of an unknown god.
  2248 | D:2      | Reached XP level 4. HP: 37/37 MP: 4/4
  2805 | D:3      | Reached XP level 5. HP: 37/43 MP: 5/5
  2897 | D:3      | Found an ancient bone altar of Kikubaaqudgha.
  3216 | D:4      | Found a transporter.
  3219 | D:4      | Noticed Figureslego113's ghost (amateur DjCj)
  3226 | D:4      | Noticed an ogre
  3251 | D:4      | Found a transporter.
  3367 | D:4      | Found a hide-covered altar of Uskayaw.
  3367 | D:4      | Found a sparkling altar of Nemelex Xobeh.
  3549 | D:4      | Became a worshipper of Nemelex Xobeh the Trickster
  3753 | D:4      | Reached XP level 6. HP: 50/50 MP: 6/6
  3782 | D:4      | Identified a scroll of acquirement
  3782 | D:4      | Acquired a +0 barding of cold resistance
  3849 | D:4      | Noticed Robin
  3854 | D:4      | Killed Robin
  3880 | D:4      | Found a radiant altar of Vehumet.
  3922 | D:5      | Entered Level 5 of the Dungeon
  3943 | D:5      | Found a staircase to the Ecumenical Temple.
  4019 | D:5      | Reached skill level 3 in Shields
  4060 | D:5      | Found a large runed translucent door.
  4063 | D:5      | Found a large runed translucent door.
  4354 | D:5      | Reached skill level 5 in Axes
  4359 | D:5      | Gained mutation: You curl defensively after being hit.
                  | [Palentonga growth]
  4359 | D:5      | Reached XP level 7. HP: 53/56 MP: 7/7
  4400 | D:5      | Reached * piety under Nemelex Xobeh
  4490 | D:5      | Reached skill level 1 in Dodging
  4747 | D:6      | Received a gift from Nemelex Xobeh
  4984 | D:6      | Reached XP level 8. HP: 46/65 MP: 8/8
  5173 | D:6      | Reached skill level 1 in Invocations
  5207 | D:7      | Found Dyuteo Moac's Distillery.
  5395 | D:7      | Identified the +5 long sword "Fuev" {vorpal, rElec rPois
                  | Int+2 Dex-2}
  5623 | D:7      | Noticed Harold
  5932 | D:7      | Banished Harold
  5933 | D:7      | Reached skill level 5 in Fighting
  5933 | D:7      | Reached skill level 1 in Throwing
  5933 | D:7      | Reached skill level 5 in Armour
  5933 | D:7      | Reached skill level 4 in Shields
  5943 | D:7      | Reached XP level 9. HP: 72/72 MP: 10/10
  5953 | D:7      | Found a sand-covered staircase.
  6314 | D:7      | Reached ** piety under Nemelex Xobeh
  6597 | D:8      | Noticed a two-headed ogre
  6606 | D:8      | Killed a two-headed ogre
  6679 | D:8      | Found an iron altar of Okawaru.
  6751 | D:8      | Received a gift from Nemelex Xobeh
  6780 | D:8      | Found a stormy altar of Qazlal.
  7086 | D:8      | Noticed a deep elf pyromancer
  7091 | D:8      | Killed a deep elf pyromancer
  7092 | D:8      | Reached XP level 10. HP: 82/82 MP: 13/13
  7357 | D:9      | Noticed a two-headed ogre
  7377 | D:9      | Killed a two-headed ogre
  7378 | D:9      | Reached skill level 5 in Shields
  7425 | D:9      | Found a sacrificial altar of Ru.
  7563 | D:9      | Found a staircase to the Orcish Mines.
  7673 | D:9      | Received a gift from Nemelex Xobeh
  7708 | D:9      | Reached *** piety under Nemelex Xobeh
  7813 | D:9      | Noticed an ettin
  7813 | D:9      | Noticed a seven-headed hydra
  7813 | D:9      | Noticed a wolf spider
  7814 | D:9      | Found a runed translucent door.
  7816 | D:9      | Noticed a five-headed hydra
  7816 | D:9      | Noticed a deep troll
  7816 | D:9      | Noticed a deep troll
  7816 | D:9      | Noticed a fire dragon
  7882 | D:9      | You fall into a shaft and drop 1 floor!
  7882 | D:10     | Entered Level 10 of the Dungeon
  7972 | D:9      | Noticed a torpor snail
  8040 | D:10     | Reached skill level 5 in Invocations
  8125 | D:10     | Found a hazy altar of Hepliaklqana.
  8423 | D:10     | Received a gift from Nemelex Xobeh
  8622 | D:11     | Noticed a centaur warrior
  8660 | D:12     | Noticed a two-headed ogre
  8661 | D:12     | Noticed Nergalle
  8701 | D:12     | Reached XP level 11. HP: 84/89 MP: 15/15
  8787 | D:12     | Found Pori's Assorted Antiques.
  8790 | D:12     | Reached **** piety under Nemelex Xobeh
  8795 | D:12     | Bought a scroll labelled KYERAM NAJELA for 27 gold pieces
  8795 | D:12     | Bought a scroll labelled ZEYTRE BAN TENIOQE for 27 gold
                  | pieces
  8795 | D:12     | Bought a scroll of teleportation for 81 gold pieces
  8811 | D:12     | Found Qawni's General Store.
  8822 | D:12     | Bought a potion of brilliance for 56 gold pieces
  8880 | D:12     | Noticed a boulder beetle
  8885 | D:12     | Noticed a two-headed ogre
  8973 | D:11     | Killed a boulder beetle
  8974 | D:11     | Reached skill level 6 in Shields
  9174 | D:11     | Killed a centaur warrior
  9229 | D:11     | Received a gift from Nemelex Xobeh
  9230 | D:11     | Noticed an orc knight
  9243 | D:11     | Noticed Psyche
  9305 | D:11     | Killed an orc knight
  9356 | D:11     | Killed Psyche
  9358 | D:11     | Found a staircase to the Lair.
  9451 | D:11     | Noticed a two-headed ogre
  9456 | D:11     | Noticed a two-headed ogre
  9466 | D:11     | Killed a two-headed ogre
  9467 | D:11     | Reached skill level 10 in Axes
  9511 | D:11     | Killed a two-headed ogre
  9512 | D:11     | Reached skill level 5 in Dodging
  9699 | D:11     | Reached skill level 7 in Shields
  9919 | D:12     | Killed a two-headed ogre
  9933 | D:12     | Reached XP level 12. HP: 83/100 MP: 17/17
 10019 | D:12     | Killed a two-headed ogre
 10074 | D:12     | Found Woixaek's Antique Weapon Boutique.
 10083 | D:12     | Found Xadigyar's Weapon Boutique.
 10592 | D:12     | Killed Nergalle
 10648 | Lair:1   | Entered Level 1 of the Lair of Beasts
 10990 | Lair:1   | Noticed a six-headed hydra
 11024 | D:11     | Reached skill level 1 in Long Blades
 11341 | D:13     | Noticed a vault guard
 11341 | D:13     | Noticed a vault guard
 11341 | D:13     | Noticed a vault guard
 11341 | D:13     | Noticed a vault guard
 11399 | D:12     | Killed a vault guard
 11408 | D:12     | Killed a vault guard
 11466 | D:12     | Killed a vault guard
 11558 | D:12     | Killed a vault guard
 11677 | D:13     | Noticed a boulder beetle
 11764 | D:13     | Killed a boulder beetle
 11806 | D:13     | Found a shadowy altar of Dithmenos.
 11833 | D:13     | Noticed a centaur warrior
 11855 | D:13     | Killed a centaur warrior
 11893 | D:13     | Noticed a catoblepas
 11914 | D:13     | Killed a catoblepas
 12105 | D:13     | Reached skill level 8 in Shields
 12196 | D:13     | Noticed a vault guard
 12212 | D:13     | Killed a vault guard
 12351 | Lair:1   | Killed a three-headed hydra
 12392 | Lair:1   | Reached XP level 13. HP: 110/110 MP: 19/19
 12641 | Lair:1   | Reached ***** piety under Nemelex Xobeh
 12657 | Lair:1   | Received a gift from Nemelex Xobeh
 13066 | Lair:2   | Found a dark tunnel.
 13113 | Volcano  | Entered a volcano
 13127 | Volcano  | Reached skill level 10 in Fighting
 13197 | Volcano  | HP: 4/110 [komodo dragon (19)]
 13468 | Volcano  | Reached skill level 5 in Long Blades
 13468 | Volcano  | HP: 5/110 [ogre (11)]
 13751 | Volcano  | Found the +0 pair of fencer's gloves {Riposte Dex+3}
 13753 | Volcano  | Noticed a fire dragon
 13755 | Volcano  | Killed a fire dragon
 14022 | Lair:2   | Found a staircase to the Snake Pit.
 14435 | Lair:2   | Found the +7 mace of Variability {chain chaos}
 14590 | Lair:3   | Received a gift from Nemelex Xobeh
 16020 | Lair:4   | Received a gift from Nemelex Xobeh
 16460 | Lair:4   | Reached skill level 9 in Shields
 16502 | Lair:4   | Reached XP level 14. HP: 97/118 MP: 20/20
 16537 | Lair:4   | Found a staircase to the Swamp.
 16899 | Lair:5   | Received a gift from Nemelex Xobeh
 17365 | Lair:5   | Received a gift from Nemelex Xobeh
 17522 | Lair:6   | Entered Level 6 of the Lair of Beasts
 17609 | Lair:6   | Found a staircase to the Slime Pits.
 17636 | Lair:6   | Reached skill level 1 in Evocations
 18040 | Lair:6   | Received a gift from Nemelex Xobeh
 18067 | Lair:6   | Noticed BigDaddyOpFi's ghost (journeyman MiBe)
 18086 | Lair:6   | Found a transporter.
 18095 | Lair:6   | Found a transporter.
 18102 | Lair:6   | Found a one-way gate to the infinite horrors of the Abyss.
 18359 | Lair:6   | Found the +18 shield of the Gong {rElec rN+ Will+ EV-5}
 18869 | D:9      | Reached skill level 10 in Shields
 18913 | D:9      | Identified the +7 chain mail of the Swamp {Str-3 Dex+8
                  | SInv}
 18918 | D:9      | Identified the +6 chain mail of the Ego {rCorr MP+9 Str+10
                  | Dex-4}
 18996 | Orc:1    | Entered Level 1 of the Orcish Mines
 19248 | Orc:1    | Reached XP level 15. HP: 127/127 MP: 21/21
 19729 | Orc:2    | Entered Level 2 of the Orcish Mines
 19754 | Orc:2    | Reached skill level 10 in Long Blades
 19970 | Orc:1    | Learned a level 2 spell: Wereblood
 19973 | Orc:1    | Learned a level 2 spell: Blink
 19977 | Orc:1    | Learned a level 3 spell: Vampiric Draining
 20140 | Orc:2    | Found Ophiy's Jewellery Emporium.
 20140 | Orc:2    | Found Uceutih's Armour Shop.
 20206 | Orc:2    | Found Varin's Antique Armour Emporium.
 20206 | Orc:2    | Found Ylinlun's Distillery.
 20221 | Orc:2    | Bought a potion of curing for 33 gold pieces
 20221 | Orc:2    | Bought a potion of curing for 33 gold pieces
 20265 | Orc:2    | Found Mupaz's Antique Weapon Emporium.
 20354 | Orc:2    | Found a staircase to the Elven Halls.
 20362 | Orc:2    | Found Kanolol's Antique Armour Boutique.
 20370 | Orc:2    | Bought a distressingly furry cloak for 256 gold pieces
 20370 | Orc:2    | Identified the +1 cloak "Qaquy" {Dex+7 SInv} (You bought it
                  | in a shop on level 2 of the Orcish Mines)
 20534 | Orc:2    | Found a runed translucent gate.
 20535 | Orc:2    | Found a runed translucent gate.
 20536 | Orc:2    | Found a runed translucent gate.
 20536 | Orc:2    | Identified the +8 quick blade "Boggoil" {flame, Will+
                  | Int+4}
 20537 | Orc:2    | Found an iron altar of Okawaru.
 20537 | Orc:2    | Identified the +4 chain mail "Ositoqia" {Int+4}
 20538 | Orc:2    | Noticed Maimakterion's ghost (journeyman DEEE)
 20539 | Orc:2    | Reached ****** piety under Nemelex Xobeh
 20555 | Orc:2    | Received a gift from Nemelex Xobeh
 20882 | Orc:2    | Identified the +1 long sword "Arbiter" {vorpal, rCorr}
 21535 | Orc:1    | Killed Maimakterion's ghost
 22030 | Orc:2    | Reached skill level 10 in Armour
 22594 | Swamp:1  | Entered Level 1 of the Swamp
 22614 | Swamp:1  | Reached skill level 11 in Shields
 23471 | D:13     | Found a gate to the Vaults.
 23719 | D:14     | Received a gift from Nemelex Xobeh
 23982 | D:14     | Received a gift from Nemelex Xobeh
 24583 | D:15     | Entered Level 15 of the Dungeon
 24795 | D:15     | Reached skill level 10 in Invocations
 24849 | D:15     | Identified the +8 fustibalus "Idwoul" {flame, *Slow Will++
                  | Stlth+}
 25069 | D:15     | Found a blossoming altar of Fedhas.
 25177 | D:15     | Reached XP level 16. HP: 123/134 MP: 23/23
 25401 | D:15     | Found a staircase to the Depths.
 26037 | D:15     | Found Yfixka's Antique Armour Emporium.
 26042 | D:15     | Bought a smouldering plate armour for 896 gold pieces
 26042 | D:15     | Identified the +1 plate armour of Wygifoxo {Fly rF+ Will++
                  | Slay-5} (You bought it in a shop on level 15 of the
                  | Dungeon)
 26366 | Swamp:1  | Reached skill level 12 in Shields
 26402 | Swamp:1  | Noticed Josephine
 26411 | Swamp:1  | Killed Josephine
 26681 | Swamp:1  | Found a shimmering altar of Xom.
 27491 | Swamp:2  | Received a gift from Nemelex Xobeh
 30255 | Swamp:3  | Received a gift from Nemelex Xobeh
 30840 | Swamp:4  | Entered Level 4 of the Swamp
 30856 | Swamp:3  | Reached skill level 13 in Shields
 30929 | Swamp:4  | Noticed a thorn hunter
 30940 | Swamp:4  | Killed a thorn hunter
 31752 | Swamp:4  | Identified the +3 ring mail of Damesmys {+Blink rC+ Int+5}
 33128 | Swamp:4  | Reached XP level 17. HP: 110/142 MP: 25/25
 33257 | Swamp:4  | Noticed the 27-headed Lernaean hydra
 33689 | Swamp:4  | Killed the 27-headed Lernaean hydra
 34300 | Swamp:4  | Got a decaying rune of Zot
 34554 | Snake:1  | Entered Level 1 of the Snake Pit
 34890 | Snake:1  | Received a gift from Nemelex Xobeh
 35636 | Snake:1  | Received a gift from Nemelex Xobeh
 35936 | Snake:1  | Reached skill level 14 in Shields
 36324 | Snake:1  | Received a gift from Nemelex Xobeh
 36518 | Snake:2  | Noticed Agnes
 36538 | Snake:2  | Noticed Aizul
 36540 | Snake:2  | Killed Agnes
 37013 | Snake:2  | Killed Aizul
 37705 | Snake:2  | Found a runed translucent gate.
 37705 | Snake:2  | Noticed Waleff's ghost (adept DrBe)
 37706 | Snake:2  | Found a runed translucent gate.
 37715 | Snake:2  | Found a runed translucent gate.
 38493 | Snake:3  | Noticed Donald
 38610 | Snake:3  | Identified the +2 trident of Massacring {vorpal, Fragile
                  | Int+6}
 38620 | Snake:3  | Killed Donald
 39046 | Snake:3  | Noticed Vashnia
 39545 | Snake:3  | Killed Vashnia
 40228 | Snake:4  | Entered Level 4 of the Snake Pit
 40909 | Snake:4  | Reached XP level 18. HP: 142/151 MP: 26/26
 41513 | Snake:4  | Reached skill level 15 in Shields
 41596 | Snake:4  | Found an iron altar of Okawaru.
 42083 | Snake:4  | Received a gift from Nemelex Xobeh
 43474 | Snake:4  | Got a serpentine rune of Zot
 44093 | Orc:2    | Bought a shiny helmet for 202 gold pieces
 44363 | Elf:1    | Entered Level 1 of the Elven Halls
 44522 | Elf:1    | Noticed Asterion
 44542 | Elf:1    | Killed Asterion
 45159 | Elf:1    | Received a gift from Nemelex Xobeh
 45600 | Elf:1    | Paralysed by an air elemental for 1 turns
 45607 | Elf:1    | Paralysed by an air elemental for 1 turns
 45665 | Elf:1    | Found Vuonnebo's Antique Weapon Boutique.
 45722 | Elf:1    | Received a gift from Nemelex Xobeh
 45922 | Elf:1    | Found Goyfauxt's Armour Shop.
 45988 | Elf:1    | Paralysed by an air elemental for 1 turns
 46002 | Elf:1    | Paralysed by an air elemental for 1 turns
 46213 | Elf:2    | Reached skill level 1 in Short Blades
 47436 | Elf:2    | Found a runed translucent gate.
 47436 | Elf:2    | Found a runed translucent gate.
 47436 | Elf:2    | Found a runed translucent gate.
 48036 | Elf:2    | Found a shimmering blue altar of Sif Muna.
 48269 | Elf:3    | Entered Level 3 of the Elven Halls
 48283 | Elf:3    | Received a gift from Nemelex Xobeh
 48297 | Elf:3    | Gained mutation: You are weak. (Str -2) [a shining eye]
 48825 | Elf:3    | Received a gift from Nemelex Xobeh
 49099 | Elf:3    | Reached skill level 16 in Shields
 49142 | Elf:3    | Reached XP level 19. HP: 131/160 MP: 28/28
 49625 | Elf:3    | Identified the +9 whip "Seufiwez" {vorpal, Drain Str+4}
 49758 | Elf:2    | Lost mutation: You are weak. (Str -2) [potion of mutation]
 49758 | Elf:2    | Gained mutation: You tend to lose your temper in combat.
                  | [potion of mutation]
 49758 | Elf:2    | Gained mutation: You passively map a small area around you.
                  | [potion of mutation]
 50136 | Elf:3    | Identified the +1 plate armour of Letudgh {rF++ Int-5}
 50469 | Elf:3    | Got the Compendium of Feathers and Sinister Magic
 50482 | Elf:3    | Identified the +8 crystal plate armour "Moocel" {Dex+3}
 50484 | Elf:3    | Identified the +1 scale mail "Dodaenum" {rF+}
 50500 | Elf:3    | Got Juxiass's Papyrus of Ghastly Attacks
 51195 | Orc:2    | Bought smoking fire dragon scales for 1755 gold pieces
 51195 | Orc:2    | Identified the +0 fire dragon scales "Etuhogry" {rF++ rC-
                  | Will+} (You bought it in a shop on level 2 of the Orcish
                  | Mines)
 51639 | Vaults:1 | Entered Level 1 of the Vaults
 52416 | Vaults:1 | Received a gift from Nemelex Xobeh
 52675 | Vaults:1 | Identified the amulet "Pidedyfo" {Faith Regen+ rCorr
                  | Slay-5}
 53304 | Vaults:1 | Identified the +1 robe of Xom's Felicitations {rElec rF+
                  | rCorr Dex-5 SInv}
 53959 | Vaults:1 | You fall into a shaft and drop 1 floor!
 54432 | Vaults:2 | Received a gift from Nemelex Xobeh
 55055 | Vaults:2 | Reached skill level 17 in Shields
 55153 | Vaults:2 | Received a gift from Nemelex Xobeh
 55525 | Vaults:2 | Identified the +7 arbalest "Vidyam" {venom, Int+5}
 55991 | Vaults:2 | Reached XP level 20. HP: 148/170 MP: 29/29
 56479 | Vaults:1 | Received a gift from Nemelex Xobeh
 56688 | Vaults:1 | Received a gift from Nemelex Xobeh
 58736 | Vaults:2 | Found a staircase to the Crypt.
 58903 | Vaults:2 | Received a gift from Nemelex Xobeh
 59105 | Vaults:3 | Received a gift from Nemelex Xobeh
 59737 | Vaults:3 | Found Xuwn's General Store.
 59743 | Vaults:3 | Bought 2 potions of heal wounds for 110 gold pieces
 59743 | Vaults:3 | Bought a scroll of teleportation for 33 gold pieces
 59743 | Vaults:3 | Bought a scroll of teleportation for 33 gold pieces
 59965 | Vaults:3 | Received a gift from Nemelex Xobeh
 60405 | Vaults:3 | Received a gift from Nemelex Xobeh
 60448 | Vaults:4 | Found a huge runed gate.
 60448 | Vaults:4 | Found a huge runed gate.
 60448 | Vaults:4 | Found a huge runed gate.
 60448 | Vaults:4 | Found a huge runed gate.
 60448 | Vaults:4 | Found a huge runed gate.
 60448 | Vaults:4 | Found a huge runed gate.
 60448 | Vaults:4 | Found a huge runed gate.
 60457 | Vaults:4 | Reached skill level 15 in Fighting
 60458 | Vaults:4 | Found a huge runed gate.
 60458 | Vaults:4 | Found a huge runed gate.
 60458 | Vaults:4 | Found a huge runed gate.
 61019 | Vaults:4 | Reached skill level 18 in Shields
 61644 | Vaults:4 | Received a gift from Nemelex Xobeh
 61968 | Vaults:4 | Identified the ring of Finality {MP+9 Int+6}
 62407 | Vaults:4 | Reached XP level 21. HP: 168/181 MP: 30/30
 62517 | Vaults:4 | Received a gift from Nemelex Xobeh
 62821 | Depths:1 | Entered Level 1 of the Depths
 63002 | Depths:1 | Found a one-way gate leading to the halls of Pandemonium.
 63513 | Depths:1 | Identified the ring "Guvvyuff" {Will+ MP+9}
 63647 | Depths:1 | Received a gift from Nemelex Xobeh
 63698 | Depths:1 | Identified the amulet of Tepulo {rN+++ Regen+ MP-9 Slay+6
                  | Stlth-}
 63799 | Depths:1 | Reached skill level 15 in Long Blades
 63880 | Depths:1 | Paralysed by a floating eye for 3 turns
 63890 | Depths:1 | Paralysed by a floating eye for 2 turns
 63989 | Depths:1 | Identified the +1 shadow dragon scales of Dice, Bag, and
                  | Bottle {rC+ Dex+4 Stlth++++}
 64159 | Depths:1 | Identified the ring "Zekojoc" {AC+4 Int+7}
 64161 | Depths:1 | Identified the ring "Pann" {Fire Dex+2}
 64642 | Depths:1 | Found a gateway to Hell.
 65224 | Depths:1 | HP: 5/184 [poisoned by a putrid mouth (dark miasma)]
 65225 | Depths:1 | Succumbed to a putrid mouth's dark miasma

Illustrated notes

Levels and vault maps discovered:
D:1:      dpeg_arrival_stonehenge_8_columns, layout_basic,
          chequers_serial_rivers_micro_b, minmay_pentomino_s2
D:2:      layout_rooms, shapermc_ecumenical_altar_petra,
          minmay_misc_feat_diagonals, chequers_arboretum, cheibrodos_gnoll_hut
D:3:      layout_basic, lemuel_zombie_altar_kikubaaqudgha
D:4:      layout_rooms, lemuel_coloured_pillars_altar,
          gammafunk_temple_overflow_elements, gammafunk_ghost_arena, uniq_robin
D:5:      layout_basic, jmf_multi_god_temple2,
          minmay_temple_entry_gardened_gates
D:6:      layout_gridville, uniq_pikel
D:7:      layout_basic, serial_shops, nicolae_stop_n_shop_1,
          nicolae_ossuary_entry_ruins, item_on_display_a, uniq_harold
D:8:      layout_basic, nicolae_qazlal_general_emergency,
          mainiacjoe_overflow_alcove_1, minmay_misc_feat_enclosed,
          guppyfry_early_elven_hall
D:9:      minmay_gate_of_8, layout_cave_pools, nicolae_ru_the_path_less_chosen,
          zombieorc1_lemuel, grunt_ministairs_8, minivault_19
D:10:     layout_roguey, kennysheep_little_box
D:11:     layout_rooms, minmay_lair_entry_grove, uniq_psyche
D:12:     layout_basic, serial_shops, nicolae_inconvenience_store,
          nicolae_shop_overgrown_old_shop, shop, nicolae_shop_window_shopping,
          chequers_big_river, uniq_nergalle
D:13:     layout_cave_pods, erik_vaults_2, grunt_dithmenos_smoke
D:14:     layout_roguey
D:15:     gammafunk_enter_depths_forms, layout_loops_ring, serial_shops, shop,
          hangedman_decor_peaks_small, fedhas_altar_3
Lair:1:   layout_loops_ring
Lair:2:   layout_loops_ring, minmay_snake_entry_guardpost_small,
          nicolae_volcano_entry_vermiform
Lair:3:   layout_gridlike, grunt_megastairs_1, lemuel_fruit_fields
Lair:4:   minmay_lair_oklob_chamber, layout_misc_corridors,
          palyth_hydra_swamp_entry
Lair:5:   layout_regular_city, lemuel_fruit_fields
Lair:6:   hangedman_lair_caniforms_friends, layout_cave_pods,
          hangedman_lair_in_review, slime_dummy, gammafunk_ghost_abyssal_escape,
          nicolae_quartered_pool_medium
Swamp:1:  nicolae_swamp_ascending_descending_big, layout_falls_marsh,
          lemuel_altar_in_water, swamp_pool2, uniq_josephine
Swamp:2:  layout_falls_marsh, serial_swamp_ruin, evilmike_swamp_ruin_house_3,
          evilmike_swamp_ruin_rubble_2, infiniplex_staircase_pool_2
Swamp:3:  layout_falls_marsh, evilmike_swamp_ruin_wall, swamp_pool3,
          hangedman_swamp_lotus
Swamp:4:  swamp, layout_basic_swamp, infiniplex_staircase_pool
Snake:1:  layout_layer_cave
Snake:2:  layout_chambers, gammafunk_ghost_split,
          chequers_hall_statues_corner_a, uniq_agnes, uniq_aizul
Snake:3:  layout_onion, serial_bayou_pond_d, lemuel_fruit_tree, uniq_vashnia,
          uniq_donald
Snake:4:  minmay_snake_end_coiled, layout_cave_town, basic_altar
Orc:1:    layout_caves, nicolae_orc_rockfall, roderic_batcave,
          hellmonk_guarded_unrand_dark_maul
Orc:2:    st_orc_town, layout_caves, gammafunk_ghost_fury_of_okawaru,
          serial_shops, shop, shop
Elf:1:    layout_geoelf_diagonals, serial_shops, shop_statue,
          nicolae_shop_overgrown_old_shop, kennysheep_underground_church,
          minmay_crystal_room, uniq_asterion
Elf:2:    elven_hall_of_blades_hangedman_original
          [nicolae_blade_entry_hurt_lockers], layout_rooms,
          nicolae_elf_theology_debate
Elf:3:    minmay_elf_hall_dome, layout_geoelf_grid
Vaults:1: nicolae_vaults_gold_heap, nicolae_vaults_specimen_jars,
          nicolae_vaults_ring_of_whatevers, nicolae_vaults_three_branches,
          st_star, vaults_standard_mumra_enter_the_diamond, v_misc_16,
          v_misc_13, grunt_vaults_bifocal, v_misc_8,
          ontoclasm_vaults_decontamination, ontoclasm_vaults_pinch,
          layout_vaults_ring
Vaults:2: ontoclasm_vaults_hangar, v_alt_pattern_6, hangedman_vaults_trim,
          minmay_crypt_entry_simple_walls, vaults_room_door_hall,
          vaults_mumra_chevron, grunt_vaults_hallway_short,
          nicolae_vaults_shelves_hall, nicolae_vaults_windows_and_doors_thing,
          nicolae_vaults_little_squares_6, vaults_room_pool,
          nicolae_vaults_yaktaur_gun_rack, layout_vaults_quadrants
Vaults:3: hangedman_vaults_maws, vaults_dpeg_ring,
          ontoclasm_vaults_loading_screen, nicolae_vaults_shelves_hall,
          ontoclasm_vaults_twist, layout_vaults_chaotic_city, serial_shops,
          nicolae_square_shop
Vaults:4: nicolae_vaults_theta, grunt_vaults_trifunnel,
          nicolae_vaults_what_the_h, nicolae_vaults_puzzle_piece,
          nicolae_vaults_little_squares_6, nicolae_vaults_inception_scallops,
          vaults_mumra_minichess, ontoclasm_vaults_eye, door_vault,
          v_alt_pattern_4, hangedman_vaults_stagger, vaults_dpeg_hooks,
          layout_vaults_maze_bifur
Depths:1: minmay_the_grid_triangle_9x9_recursive_2
          [minmay_the_grid_triangle_9x9_prize_special,
          minmay_the_grid_triangle_9x9_corrupted_corridor,
          minmay_the_grid_triangle_9x9_windchime,
          minmay_the_grid_triangle_9x9_odd_lines], layout_honeycomb,
          hangedman_geh_valley, dk_noncrumbling_2, pan_entry,
          beargit_elvish_explorers, firewood_loft

Skill      XL: |  1  2  3  4  5  6  7  8  9 10 11 12 13 14 15 16 17 18 19 20 21 |
---------------+----------------------------------------------------------------+-----
Axes           | 3 4 5 6 7 9 10 11 | 11.0
Armour         | 3 4 5 6 7 8 9 10 11 12 13 14 | 14.1
Shields        | 3 4 5 7 8 9 10 11 13 14 16 17 18 | 18.7
Fighting       | 4 5 6 7 8 9 10 11 12 13 14 15 16 | 16.4
Dodging        | 1 2 3 4 5 6 7 8 9 |  9.6
Invocations    | 2 4 5 6 8 9 10 11 12 13 | 13.3
Throwing       | 1 2 3 |  3.0
Long Blades    | 3 7 9 10 11 12 13 14 15 | 15.1
Evocations     | 2 4 |  4.5
Short Blades   | 1 |  1.1
Spellcasting   | |  0.7
Transmutations | |  0.1

Action                   |  1- 3 |  4- 6 |  7- 9 | 10-12 | 13-15 | 16-18 | 19-21 || total
-------------------------+-------+-------+-------+-------+-------+-------+-------++-------
Melee: War axe           |    85 |   203 |   171 |   469 |   103 |   121 |       ||  1152
       Tailslap          |    11 |    30 |    21 |   110 |   338 |   422 |   565 ||  1497
       Long sword        |       |       |       |    98 |  1466 |  1867 |  1893 ||  5324
       Cutlass           |       |       |       |       |       |    67 |       ||    67
       Demon blade       |       |       |       |       |       |       |    26 ||    26
Throw: Dart              |       |    12 |    25 |    36 |     5 |    25 |     7 ||   110
Invok: Draw Destruction  |       |       |     8 |    12 |    36 |    37 |    38 ||   131
       Draw Summoning    |       |       |     1 |     2 |    11 |    10 |    15 ||    39
       Draw Escape       |       |       |       |     1 |    14 |    13 |    14 ||    42
       Deal Four         |       |       |       |       |     1 |     3 |     3 ||     7
 Abil: Rolling Charge    |       |       |       |     3 |     3 |     1 |     2 ||     9
Evoke: Wand              |       |       |       |    15 |     4 |       |       ||    19
       Condenser vane    |       |       |       |     1 |     2 |     1 |       ||     4
       Lightning rod     |       |       |       |       |     5 |     4 |     4 ||    13
       Box of beasts     |       |       |       |       |       |       |     1 ||     1
       Phantom mirror    |       |       |       |       |       |       |     1 ||     1
  Use: Scroll            |     3 |     6 |     6 |    11 |     7 |     6 |    13 ||    52
       Potion            |       |       |     1 |     2 |     5 |     3 |     3 ||    14
 Stab: Distracted        |       |       |       |       |     1 |     3 |     3 ||     7
       Confused          |       |       |       |       |     1 |     1 |       ||     2
Armor: Scale mail        |    53 |   106 |   108 |       |       |       |       ||   267
       Steam dragon scal |       |       |    16 |   295 |    95 |       |       ||   406
       Fire dragon scale |       |       |       |       |   498 |       |       ||   498
       Chain mail        |       |       |       |       |   214 |   694 |    25 ||   933
       Plate armour      |       |       |       |       |       |    84 |       ||    84
       Crystal plate arm |       |       |       |       |       |       |   620 ||   620
Dodge: Dodged            |    45 |    75 |    55 |   175 |   323 |    72 |    27 ||   772
Block: Buckler           |    19 |    48 |    16 |       |       |       |       ||    83
       Kite shield       |       |       |    58 |   291 |  1568 |  2849 |  2365 ||  7131
       Reflection        |       |       |       |       |    29 |   292 |    95 ||   416
       Rpst.: Long sword |       |       |       |       |    54 |    11 |     5 ||    70
       War axe           |       |       |       |       |     8 |     1 |       ||     9

Table legend: (Time is in decaauts)
 A = Elapsed time spent in this place.
 B = Non-inter-level travel time spent in this place.
 C = Inter-level travel time spent in this place.
 D = Time resting spent in this place.
 E = Time spent auto-exploring this place.
 F = Levels seen in this place.
 G = Mean time per level.
                   A        B        C        D        E       F      G
               +--------+--------+--------+--------+--------+-----+--------+
         Total |  65063 |  58210 |   6853 |  19185 |  26101 |  40 | 1626.6 |
       Dungeon |  17559 |  14912 |   2647 |   2807 |   8385 |  15 | 1170.6 |
          Lair |   7983 |   6489 |   1494 |   1148 |   3665 |   6 | 1330.5 |
         Swamp |   8045 |   7645 |    400 |   4378 |   2145 |   4 | 2011.2 |
     Snake Pit |   9009 |   8404 |    605 |   3084 |   3873 |   4 | 2252.2 |
  Orcish Mines |   3630 |   3283 |    347 |   1337 |   1210 |   2 | 1815.0 |
   Elven Halls |   6738 |   6062 |    676 |   2597 |   2002 |   3 | 2246.0 |
        Vaults |   9380 |   8846 |    534 |   3382 |   3561 |   4 | 2345.0 |
        Depths |   1961 |   1815 |    146 |    237 |   1081 |   1 | 1961.0 |
       Volcano |    755 |    755 |      0 |    214 |    178 |   1 |  755.0 |
               +--------+--------+--------+--------+--------+-----+--------+

Top non-repeatable levels by time:
Vaults:2: 4222 daAuts
 Swamp:3: 3187 daAuts
   Elf:1: 3125 daAuts
 Snake:3: 3085 daAuts
 Snake:2: 2323 daAuts
    D:13: 2179 daAuts
 Snake:1: 2129 daAuts
   Elf:3: 2128 daAuts
Vaults:4: 2030 daAuts
Depths:1: 1961 daAuts
Vaults:1: 1943 daAuts
  Lair:4: 1920 daAuts
   Orc:1: 1917 daAuts
 Swamp:1: 1853 daAuts
    D:12: 1821 daAuts
